Description

Easy BO for new players who learn macro with an agressive style.

Build Order

Get SALT Encoding   

  13  0:13  Overlord  
  16  0:49  Hatchery  
  18  1:11  Extractor  
  17  1:17  Spawning Pool  
  20  1:50  Overlord  
  20  2:04  Zergling x2, Queen x2  
  27  2:17  Metabolic Boost  
  30  2:39  Hatchery  
  30  2:50  Queen, Overlord  
  36  3:10  Overlord  
  40  3:21  Queen, Overlord  
  45  3:52  Queen x2  
  47  3:53  Zergling x12  
  55  4:01  Roach Warren, Extractor x2  
  59  4:22  Overlord x3  
  59  4:40  Roach x8  
Spawning Tool Build Advisor. Get it on Overwolf

Go to:

Details

  • Created by: Ch4rly972
  • Published on: Feb 12, 2020
  • Modified on: Feb 12, 2020
  • Patch: 4.11.0
Show
View Real Time Build Order
Export as new Build Order

Comments (0)

There are no comments. Be the first!

Create an account to comment!